 Dungeon Crawl Stone Soup version 0.28.0-47-ge53b351184 (webtiles) character file.

Game seed: 11767942681993590428

0 tizbic2 the Grave Robber (level 1, 0/14 HPs)
             Began as a Demigod Necromancer on May 7, 2022.
             Slain by a kobold
             ... wielding a +0 whip
              (4 damage)
             ... on level 1 of the Dungeon.
             The game lasted 00:00:25 (46 turns).

tizbic2 the Grave Robber (Demigod Necromancer)        Turns: 46, Time: 00:00:25

Health: 0/14       AC:  2    Str:  9    XL:     1   Next: 6%
Magic:  4/5        EV: 12    Int: 17    God:
Gold:   23         SH:  0    Dex: 14    Spells: 2/3 levels left

rFire   . . .      SeeInvis .   b - +0 whip
rCold   . . .      Faith    .   (no shield)
rNeg    . . .      Spirit   .   a - +0 robe
rPois   .          Reflect  .   (no helmet)
rElec   .          Harm     .   (no cloak)
rCorr   .          Rampage  .   (no gloves)
Will    .....                   (no boots)
Stlth   ++........              (no amulet)
HPRegen 0.04/turn               (no ring)
MPRegen 0.09/turn               (no ring)

@: no status effects
A: high MP 1, forlorn, divine attributes
a: no special abilities


You were on level 1 of the Dungeon.
You visited 1 branch of the dungeon, and saw 1 of its levels.

You collected 23 gold pieces.

Inventory:

Hand Weapons
 b - a +0 whip (weapon)
Armour
 a - a +0 robe (worn)


   Skills:
 + Level 0.0 Fighting
 * Level 0.0 Armour
 - Level 1.7 Dodging
 - Level 1.7 Stealth
 + Level 1.7 Spellcasting
 * Level 3.6 Necromancy


You had 2 spell levels left.
You knew the following spells:

 Your Spells              Type           Power      Damage    Failure   Level
a - Pain                  Necr           52%        1d6       4%          1

Your spell library contained the following spells:

 Spells                   Type           Power      Damage    Failure   Level
 Animate Skeleton         Necr           26%        N/A       4%          1
 Vampiric Draining        Necr           13%        2d6       14%         3
 Animate Dead             Necr           6%         N/A       41%         4
 Agony                    Necr           13%        N/A       77%         5


Dungeon Overview and Level Annotations

Branches:
Dungeon (1/15)


Innate Abilities, Weirdness & Mutations

You have an increased reservoir of magic. (+10% MP)
You shall have no god before yourself.
Your divine heritage dramatically boosts your attributes as you level up.


Message History

Casting: Pain (safe; 4% risk of failure)
Confirm with . or Enter, or press ? or * to list all spells.
Aiming: Pain (safe; 4% risk of failure)
Press: ? - help, Shift-Dir - straight line, f - kobold
Aim: a kobold, wielding a +0 whip (chance to affect: 83%)
The kobold writhes in agony.
You kill the kobold!
A kobold comes into view. It is wielding a +0 whip.
The kobold shouts!
The kobold throws a stone.
The stone closely misses you.
Casting: Pain (safe; 4% risk of failure)
Confirm with . or Enter, or press ? or * to list all spells.
Aiming: Pain (safe; 4% risk of failure)
Press: ? - help, Shift-Dir - straight line, f - giant cockroach
Aim: a giant cockroach (chance to affect: 83%)
You miscast Pain.
You are very lightly contaminated with residual magic.
Nothing appears to happen.
The kobold throws a stone.
The stone hits you but does no damage. The giant cockroach barely misses you.
Things that are here:
a +0 whip; a kobold corpse
b - a +0 whip The giant cockroach bites you.
The kobold closely misses you.
b - a +0 whip (weapon)
The giant cockroach bites you but does no damage.
You hit the kobold but do no damage.
The giant cockroach bites you but does no damage.
The kobold barely misses you.
You hit the kobold but do no damage. The giant cockroach bites you.
The kobold hits you with a +0 whip.
The giant cockroach bites you but does no damage.
You barely miss the kobold. The kobold barely misses you.
The giant cockroach barely misses you.
Your magical contamination has completely faded away.
You closely miss the kobold. The kobold barely misses you.
The giant cockroach bites you.
* * * LOW HITPOINT WARNING * * *
The kobold hits you with a +0 whip.
You die...

#........ #........
#........ #........
###........ #..........
##############..........
...............B@K......
........................
######+########.......#.
##.........# #.......#
...#.....# #.......#
.#...#'#...# #.........
....##<# .....+.........
....##># ....+........#
.#...#+# #..


You could see a giant cockroach and a kobold.

Vanquished Creatures
  A kobold (D:1)
1 creature vanquished.

Notes
Turn   | Place    | Note
-------+----------+-------------------------------------------
     0 | D:1      | tizbic2 the Demigod Necromancer began the quest for the
                  | Orb.
     0 | D:1      | Reached XP level 1. HP: 14/14 MP: 5/5
    46 | D:1      | Slain by a kobold

Illustrated notes

Levels and vault maps discovered:
D:1:      dpeg_arrival_refuge, layout_rooms, chequers_decorated_corner,
          st_stairs_8

Action                   || total
-------------------------++-------
Melee: Whip              ||     4
 Cast: Pain              ||     1
Armor: Robe              ||     4
Dodge: Dodged            ||     7
